Zazza, lawful female dwarven Valkyrie ------------ |..........| |..........| ------ |.......W..| |.%%!| ----- |..........| |.%%%| |....#######...........| ------ |.@%%| |...| ###---------.-- |.`...########--------- #c.%%%| |...| # ###`#################|....| ##-...<...| ###------ |...+##### # ##-.>..-###G####|........### # ----- # ##|....| ####|.......| # ### g # ####----.- # #--------- #### # # ############ ################ # # ### ### # # # # ----|------# ############@#################### |.........|# # ----.---- |..<......|# ###|...^...| |.........-# #........| ----------- --------- Zazza the Fighter Experience level: 7 Strength: 15 Dexterity: 14 Constitution: 19 Intelligence: 9 Wisdom: 10 Charisma: 9 Health: 26(92) Energy: 12(12) Def: 0 Gold: 28 Moves: 4542 Dungeon seed: 6WfmHFNkwo3JfW6L Game ID: Zazza_1555444127 Your Inventory: Coins $ - 28 gold pieces Weapons a - a corroded +1 long sword (weapon in hand) b - a +0 dagger d - a +0 orcish dagger R - 3 +0 darts (in quiver) Armor e - a blessed +3 small shield n - an uncursed +0 orcish helm Comestibles c - 11 uncursed food rations K - an uncursed tripe ration S - an uncursed fortune cookie U - an uncursed pear W - 2 uncursed lizard corpses Scrolls h - an uncursed scroll of genocide j - an uncursed scroll of identify v - an uncursed scroll of destroy armor A - an uncursed scroll of create monster H - a blessed scroll of teleportation Rings g - an uncursed ring of fire resistance (on left hand) t - a cursed ring of aggravate monster Wands B - a wand of cold (0:0) M - a wand of slow monster (0:7) P - a wand of fire (0:4) Tools p - an uncursed blindfold s - an uncursed oilskin sack T - an uncursed tin whistle Gems q - an uncursed worthless piece of white glass Contents of the oilskin sack: 1473 gold pieces an uncursed obsidian stone an uncursed worthless piece of yellow glass Spells and supernatural/magical abilities: Name Level Category Fail Memory W - pray for help -- divine ? -- Your skills at the end: Fighting Skills bare handed combat [Basic] Weapon Skills dagger [Basic] long sword [Skilled] Spellcasting Skills Final Attributes: You were piously aligned. You were fire resistant. You were cold resistant. You were poison resistant. You were blinded. You were telepathic. You had infravision. You were stealthy. You could teleport. You were fast. You are dead. Vanquished creatures: a giant mimic a chameleon a quivering blob a wolf a spotted jelly a leprechaun 2 lizards 2 chickatrices a dust vortex 2 apes a bugbear 2 yellow lights 2 shriekers a violet fungus a kobold mummy a black naga hatchling a guardian naga hatchling 5 giant ants 2 floating eyes 2 homunculi 3 rothes a centipede a giant bat an orc zombie a werejackal 3 iguanas 3 coyotes a large kobold 5 giant rats 3 yellow molds a green mold 2 gnome zombies 2 geckos 11 jackals 2 foxes 4 goblins 2 sewer rats 9 grid bugs 5 bats 2 lichens 93 creatures vanquished. Voluntary challenges: You used a wielded weapon 141 times, starting on turn 46. You were illiterate. You never genocided any monsters. You never polymorphed an object. You changed form 1 time, starting on turn 4286. You used no wishes. You never split a pudding. You never wrote Elbereth's name. You never violated your personal moral code. Dungeon overview: The Dungeons of Doom: levels 1 to 9 Level 1 a fountain a long staircase Level 2 Level 3 a jewelry store, a fountain Level 4 some fountains, a sink a long staircase Level 5 an altar to Tyr Level 6 a fountain Level 7 Level 8 many fountains Level 9 <- You were here a delicatessen a long staircase History has recorded: On T:1 you entered the Dungeons of Doom to retrieve the Amulet of Yendor! On T:476 you reached level 2 of The Dungeons of Doom. On T:600 you advanced to experience level 2. On T:737 you reached level 3 of The Dungeons of Doom. On T:941 you advanced to experience level 3. On T:1106 you reached level 4 of The Dungeons of Doom. On T:1497 you advanced to experience level 4. On T:1524 you reached level 5 of The Dungeons of Doom. On T:2123 you reached level 6 of The Dungeons of Doom. On T:2208 you advanced to experience level 5. On T:2549 you reached level 7 of The Dungeons of Doom. On T:3085 you reached level 8 of The Dungeons of Doom. On T:3257 you advanced to experience level 6. On T:3801 you reached level 9 of The Dungeons of Doom. On T:4278 you advanced to experience level 7. Score breakdown: Gold: 1501 (10805 points) Experience: 7 levels (13645 points) Exploration: 9 levels ( 18.00%) (12121 points) Discoveries: 7 items ( 2.85%) ( 5060 points) Valuables value: (no points given unless you survive) Artifact value: 0 ( 0 points) Variety of kills: 40 monsters ( 10.50%) ( 9720 points) Turncount: 4542 turns (-1212 points) Survival: died (score multiplied by 80%) Total score: 40111 Latest messages: Q - an orange potion. A cloud of darkness falls upon you. h - an uncursed scroll labeled ELAM EBOW. j - an uncursed scroll labeled GARVEN DEH. v - an uncursed scroll labeled KERNOD WEL. H - a scroll labeled VE FORBRYDERNE. A - a scroll labeled VERR YED HORRE. You hit it. You miss it. You hit it. The chickatrice bites! The chickatrice touches you! You hear the chickatrice's hissing! You hit it. You kill the chickatrice! You try to feel what is lying here on the ground. You feel here a chickatrice corpse. Touching the chickatrice corpse is a fatal mistake... You turn to stone... Final status: Farvel Zazza the Valkyrie, petrified by feeling around for a chickatrice corpse... You turned to stone in The Dungeons of Doom on dungeon level 9 with 40111 points, and 1501 pieces of gold, after 4542 moves. You were level 7 with a maximum of 92 hit points when you turned to stone.